Map: Sanctuary III LE

Players

Serral - Winner!

  • Race: Zerg Zerg
  • League: Master
  • Spawn Location: 7:00

Cellsidus

  • Race: Zerg Zerg
  • League: Grandmaster
  • Spawn Location: 1:00

VOD

Have the link to the VOD?

Description

Time

  • Played on: July 4, 2026, 7:16 a.m.
  • Length: 6:48
Show
View Real Time Build Order
Export as new Build Order

Serral Zerg - Winner!

Build Orders: Pool First 

Get SALT Encoding   

  8  0:00  Drone  
  9  0:09  Drone  
  10  0:16  Drone  
  11  0:26  Overlord  
  11  0:32  Drone  
  12  0:45  Drone x2  
  14  0:50  Drone  
  15  1:00  Drone  
  16  1:06  Spawning Pool  
  15  1:11  Drone  
  16  1:20  Drone  
  17  1:35  Hatchery  
  17  1:38  Drone  
  17  1:41  Extractor  
  17  1:46  Drone  
  17  1:55  Queen  
  17  1:59  Zergling x2  
  20  2:06  Overlord  
  20  2:15  Extractor, Drone  
  21  2:27  Drone  
  22  2:30  Drone  
  22  2:31  Queen  
  25  2:38  Baneling Nest  
  25  2:42  Drone  
  25  2:47  Drone  
  26  2:56  Overlord  
  26  2:57  Drone  
  27  3:01  Zergling x2  
  27  3:03  Metabolic Boost  
  28  3:08  Drone  
  28  3:10  Drone  
  28  3:12  Zergling x2  
  31  3:17  Drone x2  
  33  3:20  Drone  
  34  3:27  Overlord  
  34  3:29  Drone  
  34  3:33  Drone  
  36  3:38  Overlord  
  36  3:39  Drone  
  37  3:46  Drone x3  
  39  3:52  Overlord  
  39  3:57  Baneling x4  
  39  4:00  Zergling x6  
  39  4:02  Zergling x2  
  43  4:06  Zergling x4  
  45  4:12  Drone x3  
  48  4:19  Zergling x8  
  51  4:34  Roach Warren  
  51  4:35  Hatchery  
  49  4:39  Overlord  
  49  4:42  Zergling x6  
  49  4:44  Baneling  
  52  4:46  Baneling  
  52  4:49  Zergling x6  
  55  4:54  Drone, Extractor  
  55  4:56  Drone  
  55  5:00  Overlord  
  55  5:01  Drone x2  
  55  5:02  Drone  
  58  5:11  Drone x2  
  60  5:18  Drone x2  
  60  5:19  Evolution Chamber  
  60  5:20  Queen  
  62  5:22  Drone x2  
  62  5:24  Extractor  
  62  5:34  Roach  
  62  5:35  Roach x3  
  70  5:40  Overlord x2  
  70  5:47  Roach  
  72  5:50  Roach x2  
  76  5:59  Overlord  
  76  6:00  Roach x2  
  76  6:02  Roach  
  76  6:03  Roach x2  
  86  6:11  Roach x3  
  92  6:13  Baneling x3  
  92  6:17  Overlord  
  92  6:25  Roach x4  
Show
View Real Time Build Order
Export as new Build Order

Cellsidus Zerg 

Build Orders: Hatch First 

Get SALT Encoding   

  8  0:00  Drone  
  9  0:10  Drone  
  10  0:16  Drone  
  11  0:22  Drone  
  12  0:32  Overlord  
  12  0:46  Extractor, Drone  
  13  0:50  Drone x2  
  15  1:00  Drone  
  16  1:16  Hatchery  
  15  1:20  Drone  
  15  1:23  Drone  
  17  1:30  Drone  
  18  1:37  Extractor  
  17  1:43  Spawning Pool  
  17  1:46  Drone  
  17  1:50  Drone  
  18  2:00  Drone  
  19  2:09  Overlord  
  19  2:21  Drone  
  20  2:30  Queen x2  
  20  2:31  Zergling x4  
  26  2:37  Metabolic Boost  
  26  2:45  Drone x2  
  28  2:57  Drone x2  
  30  2:59  Drone  
  30  3:00  Drone  
  32  3:11  Hatchery  
  31  3:19  Overlord  
  31  3:20  Zergling x2  
  31  3:29  Zergling x2  
  32  3:39  Zergling x16  
  40  3:48  Overlord  
  40  4:03  Overlord  
  40  4:08  Drone x4  
  43  4:13  Extractor  
  43  4:15  Roach Warren  
  40  4:19  Drone x2  
  40  4:25  Drone x4  
  39  4:32  Drone  
  39  4:36  Zergling x2  
  45  4:43  Evolution Chamber  
  45  4:44  Evolution Chamber  
  43  4:46  Drone x2  
  43  4:53  Drone  
  42  5:00  Roach  
  42  5:02  Roach x4  
  42  5:07  Overlord x4  
  50  5:17  Evolution Chamber  
  50  5:19  Roach x2  
  50  5:20  Evolution Chamber  
  52  5:28  Roach x2  
  56  5:31  Overlord x2  
  58  5:40  Roach x3  
  64  5:52  Evolution Chamber  
  64  5:53  Zergling x6  
  66  6:00  Zergling x2  
  66  6:04  Zergling x2  
  68  6:06  Zergling x6  
  71  6:11  Zergling x2  
  71  6:12  Zergling x2  
  71  6:17  Hatchery, Zergling x6  
  72  6:25  Zergling x2  
  72  6:26  Zergling x2  
Tags
 
Matchup
ZvZ
Player
Serral
Race
Zerg
Replay Pack
hsc29
Spawn Locations
Cross Positions
Add a new tag
Caveats
  • Supply blocks, unpowered buildings, or Contaminate may cause inaccurate times.
  • Supply counts are checked every 10 seconds.